 Dungeon Crawl Stone Soup version 0.32-a0-871-ge202e49faa (webtiles) character file.

Game seed: 12765003520553887012

12292 KennySheep the Hermetic (level 11, -4/86 HPs)
             Began as a Naga Alchemist on Mar 30, 2024.
             Was an Elder of Sif Muna.
             Killed from afar by a hell hound (9 damage)
             ... with a blast of flame
             ... summoned by an obsidian bat
             ... on level 2 of the Orcish Mines.
             The game lasted 00:46:54 (10441 turns).

KennySheep the Hermetic (Naga Alchemist)           Turns: 10441, Time: 00:46:55

Health: -4/86      AC: 17    Str: 10 (12) XL:     11   Next: 91%
Magic:  18/24      EV:  5    Int: 27 (29) God:    Sif Muna [****..]
Gold:   700        SH:  4    Dex: 15 (17) Spells: 11/28 levels left

rFire   . . .        C - +2 dagger (venom)
rCold   . . .        K - orb {*channel}
rNeg    . . .        P - +4 ring mail "Intyaroj" {Int+4}
rPois   +            s - +2 helmet
rElec   .            (no cloak)
rCorr   .            (no gloves)
SInv    +            d - +0 barding
Will    +....        i - amulet of magic regeneration
Stlth   ++           v - +6 ring of intelligence
HPRegen 0.34/turn    q - +6 ring of dexterity
MPRegen 0.59/turn

%: channel magic (20%)
@: on berserk cooldown, slowed, very slow
A: AC +3, large, see invisible, deformed body, poison resistance, slowness 2,
spit poison 1, naga tail 1, large bone plates 1
a: Spit Poison, Renounce Religion, Channel Magic, Forget Spell, Divine Exegesis


You were on level 2 of the Orcish Mines.
You worshipped Sif Muna.
Sif Muna was greatly pleased with you.
You visited 2 branches of the dungeon, and saw 12 of its levels.
You also visited: Sewer.

You collected 833 gold pieces.
You spent 133 gold pieces at shops.

Inventory:

Hand Weapons
 j - a +1 dagger of venom
 C - a +2 dagger of venom (weapon)
Missiles
 k - 2 throwing nets
Armour
 a - a +0 robe
 d - a +0 barding (worn)
 n - an orb of guile
 s - a +2 helmet (worn)
 x - +0 steam dragon scales
 F - the +4 leather armour "Ugud" {rElec Will- rCorr Int+3}
   (You found it on level 5 of the Dungeon)

   Int+3:     It affects your intelligence (+3).
   rElec:     It insulates you from electricity.
   Will-:     It decreases your willpower.
   rCorr:     It protects you from acid and corrosion.
 K - an orb of energy (worn)
 P - the +4 ring mail "Intyaroj" (worn) {Int+4}
   (You found it on level 8 of the Dungeon)

   Int+4:     It affects your intelligence (+4).
 Q - +0 acid dragon scales
Magical Staves
 l - a staff of earth
Jewellery
 c - a ring of protection from fire
 i - an amulet of magic regeneration (around neck)
 q - a +6 ring of dexterity (right hand)
 r - an amulet of faith
 v - a +6 ring of intelligence (left hand)
 w - a ring of protection from fire
Wands
 u - a wand of mindburst (17)
 D - a wand of iceblast (5)
 J - a wand of flame (28)
 O - a wand of charming (8)
 S - a wand of digging (6)
Scrolls
 h - a scroll of fear
 o - a scroll of amnesia
 t - 5 scrolls of enchant weapon
 y - a scroll of torment
 E - a scroll of brand weapon
 N - a scroll of poison
 R - a scroll of revelation
 T - a scroll of immolation
 U - a scroll of teleportation
Potions
 b - a potion of magic
 e - 3 potions of attraction
 f - a potion of ambrosia
 g - 3 potions of enlightenment
 m - a potion of curing
 p - a potion of degeneration
 z - a potion of might
 A - a potion of mutation
 B - 2 potions of haste
 G - a potion of brilliance
 I - a potion of lignification
 M - 2 potions of heal wounds


   Skills:
 - Level 1.9 Fighting
 - Level 1.5 Dodging
 - Level 4.7 Stealth
 + Level 9.3 Spellcasting
 - Level 1.0 Conjurations
 * Level 6.5 Fire Magic
 * Level 16.5 Alchemy
 - Level 9.7 Invocations


You had 11 spell levels left.
You knew the following spells:

 Your Spells              Type           Power      Damage    Failure   Level
a - Sting                 Conj/Alch      100%       1d9       2%          1
b - Olgreb's Toxic Radia  Alch           80%        N/A       1%          4
c - Mephitic Cloud        Conj/Alch/Air  44%        N/A       11%         3
d - Sticky Flame          Fire/Alch      66%        2d11      5%          4
e - Yara's Violent Unrav  Hex/Alch       27%        3d12      26%         5

Your spell library contained the following spells:

 Spells                   Type           Power      Damage    Failure   Level
 Mercury Vapours          Alch/Air       100%       N/A       4%          2
 Leda's Liquefaction      Alch/Erth      27%        N/A       13%         4
 Petrify                  Alch/Erth      55%        N/A       13%         4
 Necrotise                Necr           48%        1d6       28%         1
 Teleport Other           Tloc           12%        N/A       58%         3
 Tukima's Dance           Hex            12%        N/A       58%         3
 Vampiric Draining        Necr           12%        2d6       58%         3
 Martyr's Knell           Necr/Summ      12%        N/A       90%         4
 Passage of Golubria      Tloc           12%        N/A       90%         4
 Curse of Agony           Necr           12%        N/A       99%         5
 Metabolic Englaciation   Hex/Ice        6%         N/A       99%         5
 Dispersal                Tloc           6%         N/A       100%        6
 Gell's Gavotte           Tloc           6%         2d(14-20) 100%        6


Dungeon Overview and Level Annotations

Branches:
Dungeon (10/15)            Temple (0/1) D:4             Orc (2/2) D:10
    Elf (0/3) Orc:2         Sewer (visited)
   Lair: D:8-11

Altars:
Cheibriados
Dithmenos
Gozag
Hepliaklqana
Kikubaaqudgha
Okawaru
Qazlal
Ru
Sif Muna
Yredelemnul
Beogh

Shops:
D:4 ?   D:9 [   Orc:2 (

Annotations:
D:10 1 runed translucent door, inkslinger's ghost, journeyman DECj
Orc:1 2 transporters


Innate Abilities, Weirdness & Mutations

Your serpentine skin is tough. (AC +3)
You have supernaturally acute eyesight. (SInv)
Armour fits poorly on your strangely shaped body.
Your system is resistant to poisons. (rPois)
You cover ground very slowly.
You can spit poison.
You have a snake-like lower body.
You are partially covered in large bone plates. (SH +4)


Message History

The hell hound attacks as it pursues you!
The hell hound bites you but does no damage.
The hell hound attacks as it pursues you!
The hell hound barely misses you.
The obsidian bat bites you but does no damage.
The hell hound barely misses you.
You closely miss the obsidian bat.
The obsidian bat is moderately damaged.
The hell hound bites you but does no damage.
The obsidian bat bites you!
You barely miss the obsidian bat.
The obsidian bat is moderately damaged.
The obsidian bat bites you but does no damage.
The hell hound bites you. The hell hound bites you!
The hell hound bites you but does no damage.
You closely miss the obsidian bat.
The obsidian bat is moderately damaged.
The obsidian bat bites you.
The hell hound bites you but does no damage. x3
The hell hound breathes flames at you. The blast of flame hits you!
* * * LOW HITPOINT WARNING * * *
The hell hound looks more healthy.
The obsidian bat bites you!
* * * LOW HITPOINT WARNING * * *
The hell hound barely misses you.
The hell hound bites you but does no damage.
The hell hound bites you.
* * * LOW HITPOINT WARNING * * *
You feel a strong urge to attack something.
You are no longer berserk.
You are exhausted.
You feel yourself slow down.
The hell hound disappears in a puff of smoke!
The hell hound bites you but does no damage.
The obsidian bat bites you!
* * * LOW HITPOINT WARNING * * *
The hell hound breathes flames at you.
The blast of flame hits the hell hound.
The hell hound completely resists.
The blast of flame hits you!
You die...

.......# #...#.........
......######...#........>
.....###.#.##.#.......#
.....##........#....##
.....##..).....#.....#
.....#...)........#.##
......).........§h###
.......).......bh..##
...............<@...##
.)).)..........#.#......
....)..)..........#.##...
.....)).).....##.#### ..
......).....#.##### .
..<............##.##
...................#
................#.##
................<##


You could see an obsidian bat and 2 hell hounds.

Vanquished Creatures
  A catoblepas (D:10)
  A two-headed ogre (D:10)
  An orc high priest (Orc:2)
  An orc sorcerer (Orc:2)
  A gargoyle (D:10)
  Jeremiah (D:7)
  4 trolls
  2 hornets (D:7)
  10 yaks
  2 wraiths
  5 steam dragons
  4 vampire mosquitoes (D:10)
  An acid dragon (D:9)
  12 orc warriors
  4 ogres
  A centaur (D:7)
  4 kobold brigands (Sewer)
  2 phantoms
  2 bullfrogs
  A gnoll sergeant (D:10)
  8 wights
  3 electric eels (D:10)
  4 jellies (D:5)
  A bombardier beetle (D:6)
  3 hounds
  6 orc priests
  A gnoll bouda (D:9)
  3 iguanas
  9 orc wizards
  16 gnolls
  8 adders
  A white imp (D:3)
  3 dart slugs
  7 ribbon worms
  41 orcs
  11 ball pythons
  2 bats (D:1)
  2 endoplasms
  7 giant cockroaches
  7 goblins
  7 hobgoblins
  5 jackals
  3 quokkas
  2 frilled lizards (D:3)
  8 kobolds
  8 rats
236 creatures vanquished.

Vanquished Creatures (others)
  An orc (D:6)
1 creature vanquished.

Grand Total: 237 creatures vanquished

Notes
Turn   | Place    | Note
-------+----------+-------------------------------------------
     0 | D:1      | KennySheep the Naga Alchemist began the quest for the Orb.
     0 | D:1      | Reached XP level 1. HP: 15/15 MP: 3/3
   181 | D:1      | Found a faded altar of an unknown god.
   239 | D:1      | Prayed at the altar of an unknown god.
   239 | D:1      | Became a worshipper of Sif Muna the Loreminder
   239 | D:1      | Reached * piety under Sif Muna
   326 | D:1      | Reached skill level 4 in Alchemy
   369 | D:1      | Reached XP level 2. HP: 22/22 MP: 1/5
  1280 | D:2      | Found a sacrificial altar of Ru.
  1432 | D:2      | Reached skill level 1 in Invocations
  1432 | D:2      | Reached XP level 3. HP: 28/28 MP: 3/6
  2151 | D:3      | Reached XP level 4. HP: 36/36 MP: 5/7
  2157 | D:3      | Learned a level 4 spell: Olgreb's Toxic Radiance
  2161 | D:3      | Reached skill level 5 in Alchemy
  2242 | D:3      | Found an opulent altar of Gozag.
  2550 | D:3      | Reached ** piety under Sif Muna
  2598 | D:3      | Found a basalt altar of Yredelemnul.
  2737 | D:4      | Noticed an ogre
  2746 | D:4      | Killed an ogre
  2747 | D:4      | Reached XP level 5. HP: 42/42 MP: 5/9
  2830 | D:4      | Found a staircase to the Ecumenical Temple.
  2837 | D:4      | Found a glowing drain.
  2851 | D:4      | Reached skill level 6 in Alchemy
  2852 | Sewer    | Entered a sewer
  3031 | Sewer    | Reached XP level 6. HP: 49/49 MP: 8/10
  3273 | Sewer    | Reached skill level 7 in Alchemy
  3273 | Sewer    | Reached XP level 7. HP: 55/55 MP: 3/12
  3401 | Sewer    | Reached skill level 12 in Alchemy
  3401 | Sewer    | Reached XP level 8. HP: 62/62 MP: 12/18
  3402 | Sewer    | Reached skill level 14 in Alchemy
  3402 | Sewer    | Reached XP level 9. HP: 68/68 MP: 12/21
  3407 | Sewer    | Learned a level 3 spell: Mephitic Cloud
  3412 | Sewer    | Learned a level 4 spell: Sticky Flame
  4018 | D:4      | Reached *** piety under Sif Muna
  4109 | D:4      | Found The Oracle's Delphic Readings.
  4113 | D:4      | Bought a scroll of torment for 133 gold pieces
  4343 | D:5      | Entered Level 5 of the Dungeon
  4432 | D:5      | Reached skill level 1 in Fire Magic
  4719 | D:5      | Identified the +4 leather armour "Ugud" {rElec Will- rCorr
                  | Int+3}
  4825 | D:5      | Gained mutation: You are partially covered in large bone
                  | plates. (SH +4) [potion of mutation]
  4893 | D:6      | Found an iron altar of Okawaru.
  4947 | D:6      | You fall into a shaft and drop 2 floors!
  5218 | D:7      | Noticed Jeremiah
  5366 | D:6      | Reached skill level 1 in Fighting
  5366 | D:6      | Reached skill level 15 in Alchemy
  5366 | D:6      | Reached XP level 10. HP: 55/78 MP: 15/22
  5910 | D:7      | Reached **** piety under Sif Muna
  5912 | D:7      | Killed Jeremiah
  6221 | D:7      | Found a shimmering blue altar of Sif Muna.
  7184 | D:8      | Identified the +4 ring mail "Intyaroj" {Int+4}
  7229 | D:8      | Found a shadowy altar of Dithmenos.
  7471 | D:9      | Found Qepav's Antique Armour Shop.
  7599 | D:9      | Found an ancient bone altar of Kikubaaqudgha.
  7600 | D:9      | Found a hazy altar of Hepliaklqana.
  7601 | D:9      | Found a stormy altar of Qazlal.
  8110 | D:9      | Found a snail-covered altar of Cheibriados.
  8443 | D:10     | Entered Level 10 of the Dungeon
  8492 | D:10     | Reached XP level 11. HP: 73/86 MP: 18/23
  8650 | D:10     | Noticed a two-headed ogre
  8662 | D:10     | Killed a two-headed ogre
  8897 | D:10     | Learned a level 5 spell: Yara's Violent Unravelling
  8927 | D:10     | Reached skill level 5 in Fire Magic
  9022 | D:10     | Noticed a catoblepas
  9054 | D:10     | Killed a catoblepas
  9055 | D:10     | Reached skill level 16 in Alchemy
  9174 | D:10     | Found a staircase to the Orcish Mines.
  9380 | D:10     | Found a runed translucent door.
  9380 | D:10     | Noticed inkslinger's ghost (journeyman DECj)
  9507 | Orc:1    | Entered Level 1 of the Orcish Mines
  9884 | Orc:1    | Found a roughly hewn altar of Beogh.
  9884 | Orc:1    | Noticed a two-headed ogre
  9888 | Orc:1    | Noticed an orc warlord
  9982 | Orc:1    | Found a transporter.
  9983 | Orc:1    | Found a transporter.
  9986 | Orc:1    | Noticed an orc knight
 10282 | Orc:2    | Entered Level 2 of the Orcish Mines
 10282 | Orc:2    | Noticed an orc sorcerer
 10283 | Orc:2    | Noticed an orc high priest
 10289 | Orc:2    | Killed an orc sorcerer
 10293 | Orc:2    | Killed an orc high priest
 10371 | Orc:2    | Found Nuytaneh's Weapon Boutique.
 10427 | Orc:2    | Found a staircase to the Elven Halls.
 10427 | Orc:2    | Noticed an obsidian bat
 10441 | Orc:2    | Killed from afar by a hell hound

Illustrated notes

Levels and vault maps discovered:
D:1:      wander_arrival_chamber, layout_basic,
          shapermc_ecumenical_altar_notcrosses, minmay_misc_feat_rows
D:2:      layout_loops_corners, basic_altar, minmay_split_cup_small
D:3:      layout_loops_ring, marbit_many_paths, general_overflow_altar
D:4:      layout_cave_pods, minmay_temple_entry_overgrown,
          cheibrodos_sewer_entry_drain, dreamdust_princess_bridge,
          nicolae_nh_oracle_at_delphi
D:5:      layout_rooms
D:6:      layout_loops_ring, okawaru_ov_weapons_minmay
D:7:      layout_basic, kennysheep_mini_moat, uniq_jeremiah
D:8:      layout_rooms, kennysheep_mini
D:9:      layout_basic, lemuel_doored_altar,
          chequers_temple_overflow_statue_of_worship, serial_shops,
          nicolae_shop_dealshenge
D:10:     layout_irregular_city, erik_orc_2, gammafunk_ghost_grave
Orc:1:    gammafunk_beogh_shrine, layout_diamond_mine
Orc:2:    st_orc_elflike, layout_caves, serial_shops, nicolae_shop_tiny_glass,
          nicolae_orc_lava_tube

Skill      XL: |  1  2  3  4  5  6  7  8  9 10 11 |
---------------+----------------------------------+-----
Alchemy        | 4 5 6 7 12 14 15 16 | 16.5
Invocations    | 1 2 3 7 9 |  9.7
Spellcasting   | 3 7 8 9 |  9.3
Fire Magic     | 1 4 6 |  6.5
Fighting       | 1 |  1.9
Stealth        | 4 |  4.7
Dodging        | |  1.5
Conjurations   | |  1.0

Action                     |  1- 3 |  4- 6 |  7- 9 | 10-12 || total
---------------------------+-------+-------+-------+-------++-------
  Melee: Unarmed           |    10 |       |       |       ||    10
         Punch             |     1 |       |       |       ||     1
         Dagger            |    29 |    21 |   103 |    87 ||   240
   Cast: Sting             |    40 |   110 |     8 |       ||   158
         Sticky Flame      |       |       |    14 |    39 ||    53
         Olgreb's Toxic Ra |       |       |    13 |    60 ||    73
    Use: Scroll            |     4 |     6 |     2 |     6 ||    18
         Potion            |     1 |     1 |     7 |     2 ||    11
   Stab: Sleeping          |     2 |     1 |     3 |     4 ||    10
 Armour: Robe              |    38 |    42 |   129 |       ||   209
         Steam dragon scal |       |       |       |    54 ||    54
         Ring mail         |       |       |       |   153 ||   153
  Dodge: Dodged            |    13 |    21 |    49 |    46 ||   129
  Block: Other             |       |       |     6 |     3 ||     9

Table legend: (Time is in decaauts)
 A = Elapsed time spent in this place.
 B = Non-inter-level travel time spent in this place.
 C = Inter-level travel time spent in this place.
 D = Time resting spent in this place.
 E = Time spent auto-exploring this place.
 F = Levels seen in this place.
 G = Mean time per level.
                   A        B        C        D        E       F      G
               +--------+--------+--------+--------+--------+-----+--------+
         Total |  13347 |  12901 |    446 |    956 |  10029 |  13 | 1026.7 |
       Dungeon |  11516 |  11087 |    429 |    629 |   8853 |  10 | 1151.6 |
  Orcish Mines |   1165 |   1149 |     16 |    207 |    814 |   2 |  582.5 |
         Sewer |    666 |    666 |      0 |    120 |    361 |   1 |  666.0 |
               +--------+--------+--------+--------+--------+-----+--------+

Top non-repeatable levels by time:
     D:1: 1507 daAuts
     D:7: 1444 daAuts
     D:4: 1328 daAuts
    D:10: 1319 daAuts
     D:9: 1253 daAuts
     D:2: 1212 daAuts
     D:8: 983 daAuts
   Orc:1: 966 daAuts
     D:6: 921 daAuts
     D:3: 882 daAuts
   Sewer: 666 daAuts
     D:5: 663 daAuts
   Orc:2: 198 daAuts
